 Dungeon Crawl Stone Soup version 0.22.1-1-ga44c0e56f4 (webtiles) character file.

589 Ihlosi the Skirmisher (level 7, -1/85 HPs)
             Began as a Human Gladiator on Nov 10, 2018.
             Slain by a centaur
             ... wielding a +0 quarterstaff
              (7 damage)
             ... on level 4 of the Dungeon.
             The game lasted 00:08:56 (2992 turns).

Ihlosi the Skirmisher (Human Gladiator)             Turns: 2992, Time: 00:08:56

Health: -1/85      AC:  4    Str: 22    XL:     7   Next: 65%
Magic:  7/7        EV: 13    Int: 11    God:
Gold:   175        SH:  0    Dex: 16    Spells: 6/6 levels left

rFire    . . .     SeeInvis .   u - +6 hand axe of Havoc {pain, rElec rC- Str+3 Int+2}
rCold    x . .     Gourm    .   (no shield)
rNeg     . . .     Faith    .   b - +0 leather armour
rPois    +         Spirit   .   c - +0 helmet
rElec    +         Reflect  .   (no cloak)
rCorr    .         Harm     .   (no gloves)
MR       .....                  (no boots)
Stlth    ..........             j - amulet of rage
HPRegen  0.24/turn              (no ring)
MPRegen  0.10/turn              (no ring)

@: berserking, lethally poisoned (-1 -> -1), flying, very quick
A: poison resistance, MP-powered wands
a: Evoke Berserk Rage


You were on level 4 of the Dungeon.
You were not hungry.

You visited 1 branch of the dungeon, and saw 4 of its levels.

You collected 175 gold pieces.

Inventory:

Hand Weapons
 a - a +1 long sword
 h - a +1 dagger of venom
 u - the +6 hand axe of Havoc (weapon) {pain, rElec rC- Str+3 Int+2}
   (You took it off an orc on level 4 of the Dungeon)

   In the hands of one skilled in necromantic magic, it inflicts extra damage on
   living creatures.
   It affects your strength (+3).
   It affects your intelligence (+2).
   It makes you vulnerable to cold.
   It insulates you from electricity.
Missiles
 d - 3 throwing nets (quivered)
Armour
 b - a +0 leather armour (worn)
 c - a +0 helmet (worn)
Jewellery
 j - an amulet of rage (around neck)
Scrolls
 e - a scroll of blinking
 l - a scroll of enchant weapon
 n - a scroll of magic mapping
 o - 2 scrolls of identify
 p - a scroll of enchant armour {unknown}
 r - a scroll of noise {unknown}
 s - a scroll of teleportation {unknown}
Potions
 g - 2 potions of berserk rage
 m - a potion of brilliance {unknown}
 q - a potion of lignification {unknown}
Comestibles
 f - 12 rations
 t - a chunk of flesh


   Skills:
 * Level 5.7 Fighting
 + Level 5.4 Long Blades
 - Level 2.0 Throwing
 + Level 1.5 Armour
 + Level 3.3 Dodging
 - Level 1.0 Stealth
 + Level 0.6 Evocations


You had 6 spell levels left.
You didn't know any spells.
Your spell library was empty.

Dungeon Overview and Level Annotations

Branches:
Dungeon (4/15)
 Temple: D:4-7

Altars:
Cheibriados
Wu Jian


Innate Abilities, Weirdness & Mutations

Your system is resistant to poisons. (rPois)
You expend magic power (3 MP) to strengthen your wands.


Message History

You slash the centaur!
The centaur is heavily wounded.
The centaur barely misses you.
The centaur hits you with a quarterstaff.
* * * LOW HITPOINT WARNING * * *
It was a potion of mutation.
You feel extremely strange.
You feel your magical essence link to your wands.
You feel resistant to poisons.
The centaur hits you with a quarterstaff.
* * * LOW HITPOINT WARNING * * *
It was a potion of flight.
You feel very buoyant.
You fly up into the air.
The centaur hits you with a quarterstaff.
* * * LOW HITPOINT WARNING * * *
The centaur barely misses you.
A red film seems to cover your vision as you go berserk!
You feel yourself moving faster!
You feel mighty!
You feel sick.
The centaur hits you with a quarterstaff!
You die...

......>.........
######.#.#####.#
### #.#.# #.# #
..# #.#.# #.#.# #
#.####.#.#####.#.#
.#
...........)...(.#
.(#
######w#.###.#.###
#..#
######[#.##.###.##
#...##
.....#.....#
##@##.....#
†........##
##c##...o...
######...#
#...o.o.c... #.#.#
#.######...##
#w#.# ##.# ##
..... ...# #..#
#.### #..#
#....o#..#


You could see a centaur.

Vanquished Creatures
  Sigmund (D:2)
  An ice beast (D:3)
  2 howler monkeys
  An orc priest (D:4)
  A hound (D:4)
  Jessica (D:2)
  An iguana (D:4)
  A worker ant zombie (D:2)
  4 adders
  3 oozes (D:1)
  2 adder zombies (D:2)
  2 worms (D:2)
  2 dart slugs
  2 leopard geckos
  4 orcs
  7 bats
  6 giant cockroaches
  12 goblins
  4 hobgoblins
  7 jackals
  5 kobolds
  A quokka (D:3)
  4 ball pythons
  A ball python zombie (D:2)
  3 frilled lizards
  A quokka skeleton (D:2)
  8 rats
87 creatures vanquished.

Vanquished Creatures (others)
  2 plants (D:1)
2 creatures vanquished.

Grand Total: 89 creatures vanquished

Notes
Turn   | Place    | Note
-------+----------+-------------------------------------------
     0 | D:1      | Ihlosi the Human Gladiator began the quest for the Orb.
     0 | D:1      | Reached XP level 1. HP: 16/16 MP: 1/1
    88 | D:1      | Reached XP level 2. HP: 22/22 MP: 2/2
   120 | D:1      | Reached skill level 1 in Stealth
   157 | D:1      | Reached XP level 3. HP: 21/28 MP: 3/3
   936 | D:2      | Reached XP level 4. HP: 34/34 MP: 4/4
  1141 | D:2      | Noticed Sigmund
  1659 | D:3      | Found a snail-covered altar of Cheibriados.
  1816 | D:3      | Reached XP level 5. HP: 30/42 MP: 5/5
  1943 | D:3      | Noticed an ice beast
  2001 | D:2      | Noticed Jessica
  2010 | D:2      | Killed Jessica
  2286 | D:2      | Found an ornate altar of the Wu Jian Council.
  2307 | D:2      | Killed Sigmund
  2307 | D:2      | Reached skill level 5 in Fighting
  2307 | D:2      | Reached XP level 6. HP: 51/51 MP: 6/6
  2586 | D:3      | Killed an ice beast
  2586 | D:3      | Reached skill level 5 in Long Blades
  2586 | D:3      | Reached skill level 1 in Armour
  2586 | D:3      | Reached XP level 7. HP: 48/56 MP: 7/7
  2961 | D:4      | Got a polished hand axe {pain}
  2962 | D:4      | Identified the +6 hand axe of Havoc {pain, rElec rC- Str+3
                  | Int+2} (You took it off an orc on level 4 of the Dungeon)
  2990 | D:4      | Gained mutation: You expend magic power (3 MP) to
                  | strengthen your wands. [potion of mutation]
  2990 | D:4      | Gained mutation: Your system is resistant to poisons.
                  | (rPois) [potion of mutation]
  2992 | D:4      | Slain by a centaur

Skill      XL: |  1  2  3  4  5  6 |
---------------+-------------------+-----
Stealth        | 1 |  1.0
Long Blades    | 4 5 |  5.4
Fighting       | 3 5 |  5.7
Armour         | 1 |  1.5
Throwing       | |  2.0
Dodging        | |  3.3
Evocations     | |  0.6

Action                   |  1- 3 |  4- 6 |  7- 9 || total
-------------------------+-------+-------+-------++-------
Melee: Long sword        |    61 |   136 |    32 ||   229
       Hand axe          |       |       |    14 ||    14
 Abil: Evoke Berserk Rag |       |     2 |       ||     2
  Use: Scroll            |       |     5 |     1 ||     6
       Potion            |       |       |     3 ||     3
 Stab: Sleeping          |     2 |     1 |       ||     3
       Distracted        |       |       |     1 ||     1
  Eat: Chunk             |       |     5 |       ||     5
       Ration            |       |       |     1 ||     1
Armor: Leather armour    |    15 |    42 |     6 ||    63
Dodge: Dodged            |    49 |   106 |    28 ||   183
       Rpst.: Long sword |    16 |    35 |     7 ||    58
